 Dungeon Crawl Stone Soup version 0.28-b1-1-g3c77fb2ed1 (webtiles) character file.

Game seed: 10185418360800556272

63 pkoi the Skirmisher (level 3, -1/33 HPs)
             Began as a Minotaur Fighter on Jan 28, 2022.
             Slain by Sigmund (7 damage)
             ... on level 2 of the Dungeon.
             The game lasted 00:01:36 (1778 turns).

pkoi the Skirmisher (Minotaur Fighter)              Turns: 1778, Time: 00:01:36

Health: -1/33      AC:  9    Str: 22    XL:     3   Next: 89%
Magic:  2/2        EV: 10    Int:  5    God:
Gold:   68         SH:  4    Dex:  9    Spells: 2/2 levels left

rFire   . . .      SeeInvis .   a - +0 flail
rCold   . . .      Faith    .   c - +0 buckler
rNeg    . . .      Spirit   .   h - +4 ring mail {Will+}
rPois   .          Reflect  .   (helmet restricted)
rElec   .          Harm     .   (no cloak)
rCorr   .          Rampage  .   (no gloves)
Will    +....                   (no boots)
Stlth   ..........              (no amulet)
HPRegen 0.11/turn               (no ring)
MPRegen 0.08/turn               (no ring)

@: mighty
A: horns 2, retaliatory headbutt
a: no special abilities


You were on level 2 of the Dungeon.
You visited 1 branch of the dungeon, and saw 2 of its levels.

You collected 68 gold pieces.

Inventory:

Hand Weapons
 a - a +0 flail (weapon)
Armour
 b - a +0 scale mail
 c - a +0 buckler (worn)
 h - a +4 ring mail of willpower (worn)
Jewellery
 e - a ring of see invisible
 i - an amulet of magic regeneration
Wands
 j - a wand of acid (10)
Scrolls
 g - a scroll of fear {unknown}
Potions
 f - a potion of magic


   Skills:
 + Level 4.2 Fighting
 * Level 3.8 Maces & Flails
 + Level 4.2 Armour
 + Level 0.0 Dodging
 - Level 4.0 Shields


You had 2 spell levels left.
You didn't know any spells.
Your spell library contained the following spells:

 Spells                   Type           Power      Damage    Failure   Level
 Corpse Rot               Necr/Air       0%         N/A       86%         2
 Poisonous Vapours        Pois/Air       0%         N/A       86%         2


Dungeon Overview and Level Annotations

Branches:
Dungeon (2/15)

Altars:
Elyvilon

Annotations:
D:2 Sigmund


Innate Abilities, Weirdness & Mutations

You have a pair of horns on your head.
You reflexively headbutt those who attack you in melee.


Message History

No target in view!
No target in view!
No target in view!
No target in view!
You start resting.
A kobold is nearby!
The kobold shouts!
You closely miss the kobold. You headbutt the kobold.
You kill the kobold!
Things that are here:
a +0 club; a kobold corpse
Things that are here:
a +0 club; a kobold corpse You start resting.
HP restored.
Found 20 bolts.
Sigmund is nearby!
You feel very mighty all of a sudden.
Sigmund zaps a wand.
You resist with almost no effort.
Sigmund hits you from afar with a +4 scythe!
You barely miss Sigmund. You headbutt Sigmund!
Sigmund is moderately wounded.
You block Sigmund's attack.
You sock Sigmund! Your headbutt misses Sigmund.
Sigmund is severely wounded.
You block Sigmund's attack.
You closely miss Sigmund.
Sigmund is severely wounded.
Sigmund gestures at you while chanting. The puff of flame hits you.
You completely miss Sigmund.
Sigmund is severely wounded.
Sigmund points at you and mumbles some strange words.
The magic dart hits you!
* * * LOW HITPOINT WARNING * * *
You closely miss Sigmund.
Sigmund is severely wounded.
Sigmund zaps a wand.
You resist with almost no effort. Sigmund hits you with a +4 scythe!
You die...

#.# #.............# #.#
#.###########.# #.# #.#
#.# #.# #.# ########.#
#.# #.# #........# #.#
#.# #.########
###.#######.# #.#
............# #.#
......##########@### #
.................@.# .#
......#.##.)...#.#.##.###
.#...........<...........
)#.#.........#.##.†.#.###
.#(.................#.#
.#.#..................#
.........>...#.#.#.##.#
...................# .#


You could see Sigmund.

Vanquished Creatures
  Terence (D:2)
  An adder (D:2)
  A worm (D:2)
  4 endoplasms
  4 goblins
  A quokka (D:1)
  2 ball pythons (D:1)
  6 bats (D:1)
  A frilled lizard (D:1)
  3 kobolds
  2 rats (D:1)
26 creatures vanquished.

Notes
Turn   | Place    | Note
-------+----------+-------------------------------------------
     0 | D:1      | pkoi the Minotaur Fighter began the quest for the Orb.
     0 | D:1      | Reached XP level 1. HP: 19/19 MP: 0/0
   357 | D:1      | Found a faded altar of an unknown god.
   412 | D:1      | Reached XP level 2. HP: 27/27 MP: 1/1
  1338 | D:2      | Reached XP level 3. HP: 33/33 MP: 2/2
  1338 | D:2      | Noticed Sigmund
  1500 | D:2      | Noticed Terence
  1500 | D:2      | Found a white marble altar of Elyvilon.
  1512 | D:2      | Killed Terence
  1778 | D:2      | Slain by Sigmund

Illustrated notes

Levels and vault maps discovered:
D:1:      dpeg_arrival_line_fractal, layout_basic,
          shapermc_ecumenical_altar_flowoftime
D:2:      layout_basic, basic_altar, uniq_sigmund, uniq_robin, uniq_terence

Skill      XL: |  1  2 |
---------------+-------+-----
Maces & Flails | 3 |  3.8
Fighting       | 4 |  4.2
Armour         | 4 |  4.2
Shields        | 4 |  4.0

Action                   || total
-------------------------++-------
Melee: Flail             ||    63
       Headbutt          ||     4
  Use: Potion            ||     4
Armor: Scale mail        ||    30
Dodge: Dodged            ||    36
Block: Buckler           ||    20
